 Dungeon Crawl Stone Soup version 0.30.0-16-gbe6223bb7e (webtiles) character file.

Game seed: 17791001904091376504

25399 seandewar5 the Protected (level 13, 0/104 HPs)
             Began as a Gnoll Wanderer on May 18, 2023.
             Was an Initiate of Gozag.
             Slain by a deep elf knight
             ... wielding a +0 great sword of protection
              (11 damage)
             ... on level 13 of the Dungeon on May 20, 2023.
             The game lasted 01:02:15 (16299 turns).

seandewar5 the Protected (Gnoll Wanderer)          Turns: 16299, Time: 01:02:16

Health: 0/104      AC: 23    Str: 18    XL:     13   Next: 19%
Magic:  25/25      EV: 11    Int: 17    God:    Gozag
Gold:   1875       SH:  0    Dex: 11    Spells: 29/29 levels left

rFire   + . .        a - +4 halberd (venom)
rCold   . . .        (shield currently unavailable)
rNeg    . . .        z - +2 chain mail {rF+}
rPois   +            f - +0 helmet
rElec   +            q - +2 cloak
rCorr   .            R - +2 pair of gloves
SInv    .            E - +0 pair of boots
Will    ++...        (no amulet)
Stlth   +            y - ring of poison resistance
HPRegen 0.37/turn    Q - ring "Xaddu" {rElec Will++ Int+6 Slay+4}
MPRegen 0.19/turn

%: no passive effects
@: mighty
A: fangs 1, strong nose, distributed training
a: Renounce Religion, Potion Petition, Call Merchant, Bribe Branch


You were on level 13 of the Dungeon.
You worshipped Gozag.
Gozag was most pleased with you.
You visited 2 branches of the dungeon, and saw 14 of its levels.

You collected 2009 gold pieces.
You paid 134 gold pieces to Gozag.

Inventory:

Hand Weapons
 a - a +4 halberd of venom (weapon)
 b - a +0 arbalest
 c - a +0 whip of venom
 u - a +0 spear of venom
 H - a +2 spear of flaming
 N - the +4 mace of Balance {antimagic, rElec rPois rCorr}
   (You found it on level 9 of the Dungeon)

   rElec:     It insulates you from electricity.
   rPois:     It protects you from poison.
   rCorr:     It protects you from acid and corrosion.
Missiles
 t - 21 poisoned darts
 V - 2 javelins (quivered)
Armour
 f - a +0 helmet (worn)
 q - a +2 cloak (worn)
 z - a +2 chain mail of fire resistance (worn)
 E - a +0 pair of boots (worn)
 G - a +0 kite shield
 R - a +2 pair of gloves (worn)
Jewellery
 g - a +5 ring of evasion
 k - a +6 ring of strength
 l - a ring of flight
 y - a ring of poison resistance (left hand)
 A - a ring of resist corrosion
 L - a +6 ring of intelligence
 Q - the ring "Xaddu" (right hand) {rElec Will++ Int+6 Slay+4}
   (You acquired it on level 11 of the Dungeon)

   [ring of slaying]

   Int:       It affects your intelligence (+6).
   Slay:      It affects your accuracy & damage with ranged weapons and melee
   (+4).
   rElec:     It insulates you from electricity.
   Will:      It greatly increases your willpower.
 T - an amulet of magic regeneration
 U - a ring of fire
Wands
 n - a wand of roots (12)
 w - a wand of charming (9)
 M - a wand of digging (2)
 O - a wand of mindburst (8)
Scrolls
 d - 2 scrolls of magic mapping
 h - 2 scrolls of vulnerability
 j - a scroll of blinking
 m - 2 scrolls of immolation
 o - 2 scrolls of amnesia
 p - a scroll of poison
 s - 3 scrolls of teleportation
 F - 2 scrolls of torment
 P - a scroll of fear
 W - a scroll of silence
Potions
 i - 3 potions of curing
 r - 3 potions of attraction
 v - 2 potions of lignification
 x - a potion of cancellation
 B - 3 potions of mutation
 I - 2 potions of resistance
 J - a potion of flight
 K - a potion of haste


   Skills:
 + Level 10.6 Fighting
 + Level 8.3 Short Blades
 + Level 8.3 Long Blades
 + Level 8.3 Axes
 + Level 9.6 Maces & Flails
 + Level 8.3 Polearms
 + Level 8.3 Staves
 + Level 8.3 Ranged Weapons
 + Level 8.3 Throwing
 + Level 10.6 Armour
 + Level 8.8 Dodging
 + Level 8.3 Stealth
 + Level 8.3 Shields
 + Level 8.3 Unarmed Combat
 + Level 8.9 Spellcasting
 + Level 7.0 Conjurations
 + Level 7.0 Hexes
 + Level 7.0 Summonings
 + Level 7.0 Necromancy
 + Level 7.0 Translocations
 + Level 7.0 Transmutations
 + Level 7.0 Fire Magic
 + Level 7.0 Ice Magic
 + Level 7.0 Air Magic
 + Level 7.0 Earth Magic
 + Level 7.0 Poison Magic
 + Level 9.1 Invocations
 + Level 8.3 Evocations


You had 29 spell levels left.
You didn't know any spells.
Your spell library contained the following spells:

 Spells                   Type           Power      Damage    Failure   Level
 Magic Dart               Conj           100%       1d8       3%          1
 Necrotise                Necr           100%       1d9       3%          1
 Cigotuvi's Dreadful Rot  Necr/Pois/Air  62%        N/A       5%          2
 Ensorcelled Hibernation  Hex/Ice        62%        N/A       5%          2
 Passwall                 Tmut/Erth      25%        N/A       5%          2
 Searing Ray              Conj           62%        2d6       5%          2
 Static Discharge         Conj/Air       62%        2-5/arc   5%          2
 Ignite Poison            Fire/Tmut/Pois 31%        N/A       11%         3
 Inner Flame              Hex/Fire       31%        N/A       11%         3
 Swiftness                Air            31%        N/A       11%         3
 Vampiric Draining        Necr           31%        2d8       11%         3
 Airstrike                Air            15%        2d(3-19)  34%         4
 Fulminant Prism          Conj/Hex       15%        3d10      34%         4
 Petrify                  Tmut/Erth      31%        N/A       34%         4
 Summon Lightning Spire   Summ/Air       31%        N/A       34%         4
 Agony                    Necr           31%        N/A       67%         5
 Freezing Cloud           Conj/Ice/Air   15%        6-21      67%         5
 Metabolic Englaciation   Hex/Ice        15%        N/A       67%         5
 Yara's Violent Unravell  Hex/Tmut       15%        3d8       67%         5
 Statue Form              Tmut/Erth      20%        N/A       99%         6
 Enfeeble                 Hex            15%        N/A       100%        7


Dungeon Overview and Level Annotations

Branches:
Dungeon (13/15)            Temple (1/1) D:6            Lair (0/5) D:10
    Orc (0/2) D:9
 Vaults: D:13-14

Altars:
Ashenzari
Cheibriados
Dithmenos
Elyvilon
Fedhas
Gozag
Hepliaklqana
Kikubaaqudgha
Makhleb
Nemelex Xobeh
Okawaru
Qazlal
Ru
Sif Muna
Trog
Uskayaw
Vehumet
Wu Jian
Xom
Yredelemnul
Zin
The Shining One

Shops:
D:2 [   D:9 (

Annotations:
D:2 exclusion: downstairs
D:3 3 runed translucent doors, exclusion: 2 downstairs, P0WERM0DE's ghost, amateur DsCK
D:5 1 runed translucent door, happy's ghost, novice MeFi
D:8 exclusion: downstairs


Innate Abilities, Weirdness & Mutations

You have very sharp teeth.
Your uncanny sense of smell can sniff out nearby items.
Your experience applies equally to all skills.


Message History

The scroll dissolves into smoke.
Reach: a) +4 halberd (venom)
Press: ? - help, Dir - move target, f - deep elf knight
Aim: a deep elf knight, wielding a +0 great sword of protection and wearing a +0 chain mail (grey smoke, fast, about 45% to evade your +4 halberd of venom)
You reach to attack!
You hit the deep elf knight.
The deep elf knight is poisoned.
The deep elf knight is lightly wounded.
The deep elf knight hits you with a +0 great sword of protection.
* * * LOW HITPOINT WARNING * * *
You feel very mighty all of a sudden.
The deep elf knight hits you with a +0 great sword of protection!!
* * * LOW HITPOINT WARNING * * *
The deep elf knight casts a spell.
The deep elf knight flickers and vanishes!
Deactivating autopickup; reactivate with Ctrl-A.
You hit something. Something hits you.
* * * LOW HITPOINT WARNING * * *
You closely miss something. Your bite misses something.
Something hits you but does no damage. x2
You completely miss something. You bite something. Something hits you!
* * * LOW HITPOINT WARNING * * *
Something hits you but does no damage.
You feel much better. Something hits you.
* * * LOW HITPOINT WARNING * * *
You puncture something! Your bite misses something. Something hits you!
* * * LOW HITPOINT WARNING * * *
Something hits you!
* * * LOW HITPOINT WARNING * * *
As you read the scroll of summoning, it crumbles to dust.
Wisps of shadow whirl around you... Something hits you!
* * * LOW HITPOINT WARNING * * *
You feel much better. Something hits you!
* * * LOW HITPOINT WARNING * * *
Something hits you!
* * * LOW HITPOINT WARNING * * *
Your orc closely misses something.
Your orc wizard closely misses something.
You swap places.
Something hits you!
You die...
Your body crumbles into a pile of gold.

##.#..#.########.# $
......... #.#
#.#..#.# #.#
#.#..#c# ####.######
$ . #..##. $
#.........# #§§#
#.).......# #oo#
####.........#
#J{####...........)#
##J@o§.............#
######............#
#............#
#............#
#............#
#............
............
#.........


You could see 2 friendly slime creatures, a friendly orc wizard (summoned) and 2
friendly orcs.

Vanquished Creatures
  A hydra (D:13)
  A boulder beetle (D:13)
  3 centaur warriors (D:13)
  4 two-headed ogres
  A tengu warrior (D:13)
  A deep elf archer (D:13)
  A deep elf pyromancer (D:9)
  3 ugly things
  A deep elf zephyrmancer (D:13)
  3 orc knights (D:13)
  A manticore (D:12)
  A cyclops (D:9)
  An unseen horror (D:12)
  Maggie (D:6)
  A kobold demonologist (D:12)
  A yaktaur (D:13)
  2 tengu conjurers
  2 trolls
  2 hornets
  Grinder (D:3)
  3 shadows
  2 wraiths
  21 yaks
  A basilisk (D:13)
  A steam dragon (D:6)
  7 vampire mosquitoes
  2 acid dragons
  3 water moccasins
  An ice beast (D:5)
  6 orc warriors
  2 sky beasts (D:6)
  3 black bears
  2 ogres
  9 centaurs
  A phantom (D:6)
  2 kobold brigands
  2 gnoll sergeants
  9 bullfrogs
  3 scorpions
  9 wights
  7 killer bees
  7 howler monkeys
  5 hounds
  4 gnoll boudas
  8 orc priests
  3 jellies
  2 sleepcaps
  An iron imp (D:5)
  7 iguanas
  10 orc wizards
  Robin (D:3)
  44 gnolls
  3 adders
  A shadow imp (D:7)
  A white imp (D:8)
  An ufetubus (D:7)
  A worm (D:2)
  3 dart slugs
  63 orcs
  11 ball pythons
  7 endoplasms
  4 giant cockroaches
  10 goblins
  10 hobgoblins
  16 jackals
  4 quokkas
  5 bats
  3 frilled lizards
  9 kobolds
  A rat (D:1)
373 creatures vanquished.

Vanquished Creatures (collateral kills)
  Erolcha (D:9)
  A wolf spider (D:13)
  A warg (D:13)
  An orc warrior (D:13)
  An orc priest (D:13)
  An orc (D:13)
6 creatures vanquished.

Vanquished Creatures (others)
  An ogre (D:3)
  A bullfrog (D:3)
  An orc wizard (D:6)
  An orc (D:3)
  A hobgoblin (D:3)
  A frilled lizard (D:3)
6 creatures vanquished.

Grand Total: 385 creatures vanquished

Notes
Turn   | Place    | Note
-------+----------+-------------------------------------------
     0 | D:1      | seandewar5 the Gnoll Wanderer began the quest for the Orb.
     0 | D:1      | seandewar5 set off with the following items: a +1 flail, a
                  | +0 ring mail, a scroll of vulnerability.
     0 | D:1      | Reached XP level 1. HP: 23/23 MP: 4/4
   103 | D:1      | Reached XP level 2. HP: 27/29 MP: 5/5
   923 | D:2      | Reached XP level 3. HP: 27/35 MP: 7/7
  1162 | D:2      | Reached skill level 1 in Invocations
  1233 | D:2      | Found Jododoh's Armour Emporium.
  1385 | D:2      | Reached skill level 1 in Short Blades
  1385 | D:2      | Reached skill level 1 in Long Blades
  1385 | D:2      | Reached skill level 1 in Axes
  1385 | D:2      | Reached skill level 1 in Polearms
  1385 | D:2      | Reached skill level 1 in Staves
  1385 | D:2      | Reached skill level 1 in Ranged Weapons
  1385 | D:2      | Reached skill level 1 in Throwing
  1385 | D:2      | Reached skill level 1 in Stealth
  1385 | D:2      | Reached skill level 1 in Shields
  1385 | D:2      | Reached skill level 1 in Unarmed Combat
  1385 | D:2      | Reached skill level 1 in Evocations
  1468 | D:3      | Noticed a bullfrog
  1550 | D:3      | Reached XP level 4. HP: 41/41 MP: 8/8
  1556 | D:3      | Killed an ogre
  1566 | D:3      | Killed a bullfrog
  1694 | D:3      | Found a shimmering altar of Xom.
  1807 | D:3      | Noticed a kobold brigand
  1817 | D:3      | Reached skill level 1 in Conjurations
  1817 | D:3      | Reached skill level 1 in Hexes
  1817 | D:3      | Reached skill level 1 in Summonings
  1817 | D:3      | Reached skill level 1 in Necromancy
  1817 | D:3      | Reached skill level 1 in Translocations
  1817 | D:3      | Reached skill level 1 in Transmutations
  1817 | D:3      | Reached skill level 1 in Fire Magic
  1817 | D:3      | Reached skill level 1 in Ice Magic
  1817 | D:3      | Reached skill level 1 in Air Magic
  1817 | D:3      | Reached skill level 1 in Earth Magic
  1817 | D:3      | Reached skill level 1 in Poison Magic
  1890 | D:3      | Noticed Robin
  2315 | D:3      | Found a faded altar of an unknown god.
  2323 | D:3      | Upgraded the game from 0.30.0-15-g856e2d3f33 to
                  | 0.30.0-16-gbe6223bb7e
  2366 | D:3      | Found a runed translucent gate.
  2366 | D:3      | Found a runed translucent gate.
  2367 | D:3      | Noticed P0WERM0DE's ghost (amateur DsCK)
  2368 | D:3      | Found a runed translucent gate.
  2396 | D:3      | Reached XP level 5. HP: 47/47 MP: 9/9
  2404 | D:3      | Killed Robin
  2614 | D:3      | Noticed Grinder
  2616 | D:3      | Paralysed by Grinder for 5 turns
  2627 | D:3      | Paralysed by Grinder for 2 turns
  2644 | D:3      | Paralysed by Grinder for 2 turns
  2895 | D:3      | Paralysed by Grinder for 3 turns
  2905 | D:3      | Paralysed by Grinder for 5 turns
  2910 | D:3      | Killed Grinder
  2911 | D:3      | Reached skill level 5 in Maces & Flails
  2911 | D:3      | Reached XP level 6. HP: 28/53 MP: 9/11
  3169 | D:3      | the legendary p0werm0de!
  3579 | D:3      | HP: 5/118 [poisoned by a gnoll bouda]
  3584 | D:3      | HP: 4/118 [poisoned by a gnoll bouda]
  3585 | D:3      | HP: 1/79 [poisoned by a gnoll bouda]
  3770 | D:4      | Reached XP level 7. HP: 50/60 MP: 12/12
  3858 | D:4      | Found an iron altar of Okawaru.
  4446 | D:4      | Found a shimmering blue altar of Sif Muna.
  4936 | D:4      | Reached XP level 8. HP: 67/67 MP: 14/14
  5508 | D:5      | Entered Level 5 of the Dungeon
  5622 | D:5      | Found a snail-covered altar of Cheibriados.
  6082 | D:5      | Found a runed translucent door.
  6083 | D:5      | Noticed happy's ghost (novice MeFi)
  6391 | D:6      | Reached XP level 9. HP: 70/73 MP: 16/16
  6402 | D:6      | Reached skill level 5 in Spellcasting
  6425 | D:6      | Identified the +2 leather armour "Jill" {rElec Int+2 Dex+3
                  | Slay-2}
  6438 | D:6      | Found a white marble altar of Elyvilon.
  6525 | D:6      | Reached skill level 5 in Dodging
  6739 | D:6      | Found a staircase to the Ecumenical Temple.
  6748 | Temple   | Entered the Ecumenical Temple
  6785 | D:6      | Found a hazy altar of Hepliaklqana.
  6803 | D:6      | Noticed Maggie
  6813 | D:6      | Killed Maggie
  6814 | D:6      | Reached skill level 5 in Invocations
  7322 | D:6      | Reached skill level 5 in Short Blades
  7322 | D:6      | Reached skill level 5 in Long Blades
  7322 | D:6      | Reached skill level 5 in Axes
  7322 | D:6      | Reached skill level 5 in Polearms
  7322 | D:6      | Reached skill level 5 in Staves
  7322 | D:6      | Reached skill level 5 in Ranged Weapons
  7322 | D:6      | Reached skill level 5 in Throwing
  7322 | D:6      | Reached skill level 5 in Stealth
  7322 | D:6      | Reached skill level 5 in Shields
  7322 | D:6      | Reached skill level 5 in Unarmed Combat
  7322 | D:6      | Reached skill level 5 in Evocations
  7322 | D:6      | Reached XP level 10. HP: 68/81 MP: 18/18
  8450 | D:7      | Noticed a two-headed ogre
  8460 | D:7      | Killed a two-headed ogre
  9012 | D:8      | Noticed a two-headed ogre
  9019 | D:8      | Killed a two-headed ogre
  9217 | D:8      | Found an opulent altar of Gozag.
  9233 | D:8      | Became a worshipper of Gozag Ym Sagoz the Greedy
  9447 | D:8      | Found a radiant altar of Vehumet.
  9507 | D:8      | Reached skill level 5 in Conjurations
  9507 | D:8      | Reached skill level 5 in Hexes
  9507 | D:8      | Reached skill level 5 in Summonings
  9507 | D:8      | Reached skill level 5 in Necromancy
  9507 | D:8      | Reached skill level 5 in Translocations
  9507 | D:8      | Reached skill level 5 in Transmutations
  9507 | D:8      | Reached skill level 5 in Fire Magic
  9507 | D:8      | Reached skill level 5 in Ice Magic
  9507 | D:8      | Reached skill level 5 in Air Magic
  9507 | D:8      | Reached skill level 5 in Earth Magic
  9507 | D:8      | Reached skill level 5 in Poison Magic
  9533 | D:8      | Reached XP level 11. HP: 86/89 MP: 21/21
  9757 | D:8      | Found a basalt altar of Yredelemnul.
 10125 | D:9      | Noticed Erolcha
 10151 | D:9      | Noticed a two-headed ogre
 10158 | D:9      | Killed a two-headed ogre
 10275 | D:9      | Found a staircase to the Orcish Mines.
 10469 | D:9      | Found Xoumnafamp's Weapon Shop.
 10568 | D:9      | Found a burning altar of Makhleb.
 10571 | D:9      | Found a blossoming altar of Fedhas.
 10611 | D:9      | Noticed a deep elf pyromancer
 10611 | D:9      | Noticed a cyclops
 10619 | D:9      | Killed Erolcha
 10623 | D:9      | Killed a deep elf pyromancer
 10811 | D:9      | Killed a cyclops
 11067 | D:9      | Paralysed by a hornet for 1 turns
 11175 | D:9      | Identified the +4 mace of Balance {antimagic, rElec rPois
                  | rCorr}
 11217 | D:9      | Found a glowing golden altar of the Shining One.
 11224 | D:9      | Found an ancient bone altar of Kikubaaqudgha.
 11354 | D:10     | Entered Level 10 of the Dungeon
 11642 | D:10     | Found a staircase to the Lair.
 11824 | D:10     | Found a sacrificial altar of Ru.
 11896 | D:10     | Found a broken altar of Ashenzari.
 11901 | D:10     | Saw a vision of the Shoals and the Snake Pit.
 11901 | D:10     | Noticed a harpy
 11901 | D:10     | Noticed a salamander
 11901 | D:10     | Noticed a skyshark
 11901 | D:10     | Noticed a sea snake
 11901 | D:10     | Noticed a merfolk impaler
 11903 | D:10     | Noticed a naga sharpshooter
 12813 | D:11     | Identified a scroll of acquirement
 12814 | D:11     | Acquired the ring "Xaddu" {rElec Will++ Int+6 Slay+4}
 13209 | D:12     | Reached XP level 12. HP: 90/97 MP: 23/23
 13361 | D:12     | Noticed a sun demon
 13362 | D:12     | Noticed a soul eater
 13445 | D:12     | Noticed a two-headed ogre
 13452 | D:12     | Killed a two-headed ogre
 13728 | D:12     | Reached skill level 10 in Fighting
 13728 | D:12     | Reached skill level 10 in Armour
 14215 | D:13     | Noticed a centaur warrior
 14544 | D:13     | Killed a centaur warrior
 14660 | D:13     | Noticed a four-headed hydra
 14671 | D:13     | Killed a four-headed hydra
 14671 | D:13     | Noticed a boulder beetle
 14810 | D:13     | Noticed a centaur warrior
 14819 | D:13     | Killed a centaur warrior
 15161 | D:13     | Noticed a centaur warrior
 15169 | D:13     | Killed a centaur warrior
 15443 | D:13     | Killed a boulder beetle
 15463 | D:13     | Identified the staff of earth "Ollystafa" {Int+2}
 15498 | D:13     | Reached XP level 13. HP: 104/104 MP: 25/25
 16299 | D:13     | Slain by a deep elf knight

Illustrated notes

# #....#.# ### ##
#....'.###...##
.###....####.....##
..###.### #KK#.#..#
..# #.# ###8K#.#.8#
..###.# #.#.K#K#K.#
...##.# #.##KKKKW###
##.##.###..##+++##.#
#..#....)))....@..#
###'#.###.###...####
#.....# #.# #)#.#
#.....# #.# #.#.#
#.....# #.# #.#.#
#.....###.# #.#.#
#####..##.# #.#.#
#..##.# #.#.#
#.....# #.#.#


Turn 3169 on D:3: the legendary p0werm0de!

Levels and vault maps discovered:
D:1:      shiori_arrival_elements, layout_basic, corexii_corridor_pit
D:2:      layout_rooms, serial_shops, shop, cheibrodos_gnoll_hut
D:3:      minmay_wonky_spiral, layout_basic, xom_confusion_cloud,
          gammafunk_ghost_nasty_kobolds,
          dreamdust_ecumenical_altar_angels_and_demons, st_stairs_13,
          uniq_grinder, uniq_robin
D:4:      lemuel_castle_with_subvaults [lemuel_castle_interior_carwin_1],
          layout_loops_corners, nicolae_overflow_hidden_temple, led_sif_pool
D:5:      layout_loops_ring, slow_altar_2, ebering_ghost_reflecting_pool
D:6:      layout_basic, nicolae_elyvilon_temple_path, kennysheep_mini_moat,
          minmay_temple_entry_poolview, uniq_maggie
D:7:      layout_loops_ring, kennysheep_generic_room_6
D:8:      layout_basic, mainiacjoe_overflow_alcove_2, grunt_gozag_breadcrumbs,
          mainiacjoe_overflow_surrounded_room
D:9:      layout_rooms, grunt_temple_overflow_cloverleaf, orc_david_3,
          item_on_display_b, uniq_erolcha
D:10:     layout_loops_ring, grunt_ashenzari_visionary
          [grunt_ashenzari_visionary_shoals, grunt_ashenzari_visionary_snake],
          hangedman_ru_absence, due_lair_maze_entry_diamond
D:11:     layout_roguey
D:12:     layout_layer_cave
D:13:     layout_basic, hangedman_vaults_entry_quadrant_bands,
          minmay_the_grid_square_5x5_3x3_mashed [minmay_the_grid_square_5x5_two,
          minmay_the_grid_square_5x5_percent, minmay_the_grid_square_5x5_bite,
          minmay_the_grid_square_5x5_two_small,
          minmay_the_grid_square_5x5_megaprize_crossed,
          minmay_the_grid_square_5x5_three, minmay_the_grid_square_5x5_tie,
          minmay_the_grid_square_5x5_bridge,
          minmay_the_grid_square_5x5_almost_minimal]
Temple:   hellmonk_temple_two_chambers

Skill      XL: |  1  2  3  4  5  6  7  8  9 10 11 12 13 |
---------------+----------------------------------------+-----
Invocations    | 1 2 3 4 5 6 7 8 9 |  9.1
Short Blades   | 1 2 3 5 6 7 8 |  8.3
Long Blades    | 1 2 3 5 6 7 8 |  8.3
Axes           | 1 2 3 5 6 7 8 |  8.3
Polearms       | 1 2 3 5 6 7 8 |  8.3
Staves         | 1 2 3 5 6 7 8 |  8.3
Ranged Weapons | 1 2 3 5 6 7 8 |  8.3
Throwing       | 1 2 3 5 6 7 8 |  8.3
Stealth        | 1 2 3 5 6 7 8 |  8.3
Shields        | 1 2 3 5 6 7 8 |  8.3
Unarmed Combat | 1 2 3 5 6 7 8 |  8.3
Evocations     | 1 2 3 5 6 7 8 |  8.3
Spellcasting   | 3 4 5 6 7 8 |  8.9
Conjurations   | 1 2 3 4 5 6 7 |  7.0
Hexes          | 1 2 3 4 5 6 7 |  7.0
Summonings     | 1 2 3 4 5 6 7 |  7.0
Necromancy     | 1 2 3 4 5 6 7 |  7.0
Translocations | 1 2 3 4 5 6 7 |  7.0
Transmutations | 1 2 3 4 5 6 7 |  7.0
Fire Magic     | 1 2 3 4 5 6 7 |  7.0
Ice Magic      | 1 2 3 4 5 6 7 |  7.0
Air Magic      | 1 2 3 4 5 6 7 |  7.0
Earth Magic    | 1 2 3 4 5 6 7 |  7.0
Poison Magic   | 1 2 3 4 5 6 7 |  7.0
Dodging        | 3 4 5 6 7 8 |  8.8
Maces & Flails | 5 6 7 8 9 |  9.6
Fighting       | 7 8 9 10 | 10.6
Armour         | 7 8 9 10 | 10.6

Action                     |  1- 3 |  4- 6 |  7- 9 | 10-12 | 13-15 || total
---------------------------+-------+-------+-------+-------+-------++-------
  Melee: Flail             |    68 |       |       |       |       ||    68
         Bite              |     7 |    15 |    22 |    55 |     4 ||   103
         Punch             |     1 |     1 |     2 |       |       ||     4
         Spear             |    48 |   230 |    34 |       |       ||   312
         Whip              |       |     2 |    41 |       |       ||    43
         Halberd           |       |       |   262 |   605 |    60 ||   927
   Fire: Arbalest          |       |       |       |    13 |       ||    13
  Throw: Dart              |       |       |    15 |    23 |     4 ||    42
         Javelin           |       |       |    50 |    39 |     4 ||    93
  Evoke: Wand              |       |       |       |    13 |       ||    13
    Use: Scroll            |     3 |     4 |     3 |    18 |     3 ||    31
         Potion            |       |     5 |     1 |     4 |     3 ||    13
   Stab: Sleeping          |       |       |     1 |       |       ||     1
         Distracted        |       |       |       |     5 |       ||     5
 Armour: Ring mail         |    35 |    59 |    61 |       |       ||   155
         Skin              |       |     2 |     1 |       |       ||     3
         Chain mail        |       |       |    33 |   317 |    44 ||   394
  Dodge: Dodged            |    84 |   138 |   188 |   413 |    34 ||   857
